 Dungeon Crawl Stone Soup version 0.26.1-2-gb8aa6d0cf2 (webtiles) character file.

Game seed: 3542165636734524564

2573 DearestLeader the Blocker (level 9, -5/74 HPs)
             Began as a Gnoll Fighter on Mar 13, 2021.
             Was a Follower of Cheibriados.
             Slain by Harold
             ... wielding a +0 morningstar
              (16 damage)
             ... on level 7 of the Dungeon.
             The game lasted 00:18:19 (9377 turns).

DearestLeader the Blocker (Gnoll Fighter)           Turns: 9377, Time: 00:18:19

Health: -5/74      AC:  9    Str: 21    XL:     9   Next: 57%
Magic:  24/24      EV: 11    Int: 15    God:    Cheibriados [*.....]
Gold:   117        SH: 11    Dex: 17    Spells: 16/16 levels left

rFire    . . .     SeeInvis .   y - +2 whip (freeze)
rCold    . . .     Faith    .   c - +0 kite shield
rNeg     . . .     Spirit   .   b - +1 scale mail
rPois    .         Reflect  .   (no helmet)
rElec    .         Harm     .   (no cloak)
rCorr    .         Rampage  .   (no gloves)
Will     .....                  (no boots)
Stlth    +.........             (no amulet)
HPRegen  0.22/turn              v - ring of magical power
MPRegen  0.19/turn              (no ring)

@: marked, very slow
A: distributed training, fangs 1, strong nose
a: Renounce Religion, Bend Time


You were on level 7 of the Dungeon.
You worshipped Cheibriados.
Cheibriados was aware of your devotion.
You visited 2 branches of the dungeon, and saw 8 of its levels.
You also visited: Sewer.

You collected 390 gold pieces.
You spent 273 gold pieces at shops.

Inventory:

Hand Weapons
 f - a +0 hunting sling
 h - a +1 whip of flaming
 o - a +1 hand axe of pain
 y - a +2 whip of freezing (weapon)
Missiles
 m - 44 sling bullets
 x - 33 poisoned darts (quivered)
Armour
 b - a +1 scale mail (worn)
 c - a +0 kite shield (worn)
 d - a +0 troll leather armour {Purgy}
Jewellery
 n - an uncursed ring of ice
 t - an uncursed ring of positive energy {unknown}
 v - a ring of magical power (left hand)
Wands
 q - a wand of flame (15)
Scrolls
 g - a scroll of enchant armour
 j - a scroll of random uselessness
 k - 2 scrolls of magic mapping
 l - 3 scrolls of remove curse
 p - 7 scrolls of identify
 r - a scroll of teleportation
Potions
 a - a potion of brilliance {unknown}
 e - a potion of berserk rage
 i - 2 potions of attraction {unknown}
 s - 2 potions of heal wounds {unknown}
 w - a potion of flight {unknown}
 z - a potion of ambrosia {unknown}


   Skills:
 + Level 8.0 Fighting
 + Level 4.3 Short Blades
 + Level 4.3 Long Blades
 + Level 4.3 Axes
 + Level 4.3 Maces & Flails
 + Level 6.4 Polearms
 + Level 4.3 Staves
 + Level 4.3 Slings
 + Level 4.3 Bows
 + Level 4.3 Crossbows
 + Level 4.3 Throwing
 + Level 8.0 Armour
 + Level 4.3 Dodging
 + Level 4.3 Stealth
 + Level 8.0 Shields
 + Level 4.3 Unarmed Combat
 + Level 4.3 Spellcasting
 + Level 3.6 Conjurations
 + Level 3.6 Hexes
 + Level 3.6 Summonings
 + Level 3.6 Necromancy
 + Level 3.6 Translocations
 + Level 3.6 Transmutations
 + Level 3.6 Fire Magic
 + Level 3.6 Ice Magic
 + Level 3.6 Air Magic
 + Level 3.6 Earth Magic
 + Level 3.6 Poison Magic
 + Level 4.8 Invocations
 + Level 4.3 Evocations


You had 16 spell levels left.
You didn't know any spells.
Your spell library was empty.

Dungeon Overview and Level Annotations

Branches:
Dungeon (7/15)             Temple (1/1) D:4           Sewer (visited)

Altars:
Ashenzari
Cheibriados
Dithmenos
Elyvilon
Fedhas
Gozag
Hepliaklqana
Kikubaaqudgha
Makhleb
Nemelex Xobeh
Okawaru
Qazlal
Uskayaw
Vehumet
Wu Jian
Xom
Yredelemnul
Zin

Shops:
D:5 ***[?

Annotations:
D:7 Harold


Innate Abilities, Weirdness & Mutations

Your experience applies equally to all skills.
You have very sharp teeth.
Your uncanny sense of smell can sniff out nearby items.


Message History

Harold hits you with a +0 morningstar!!
You hit Harold. You freeze Harold.
Harold is heavily wounded.
Harold hits you with a +0 morningstar!
You hit Harold. You freeze Harold.
Harold is heavily wounded.
Harold hits you but does no damage.
You hit Harold but do no damage. You bite Harold.
Harold is heavily wounded.
Harold looks more healthy.
You hit Harold. You freeze Harold.
Harold is heavily wounded.
Harold says, "Let's make it quick, okay?
I've got mouths to feed."
Harold hits you with a +0 morningstar.
* * * LOW HITPOINT WARNING * * *
Unknown command.
You feel better. Harold hits you with a +0 morningstar!
* * * LOW HITPOINT WARNING * * *
Harold hits you with a +0 morningstar!
You die...

..# #..#
#.# ##.#
#.#
#.#####
#.#
#.....##
..#
#.###..#
### #.#
##.# #.#
#.# #.#
#.# #.#
#@# #.#
#@# #.#
#.# # #.#
######
#(#
......
........#
......
........#
.....
........#
.######
#########


You could see Harold.

Vanquished Creatures
  Pikel (D:7)
  Eustachio (D:6)
  A water moccasin (D:7)
  An orc warrior (D:7)
  Purgy (Sewer)
  8 ogres
  Blork the orc (D:4)
  A big kobold (D:6)
  A scorpion (D:4)
  3 hounds
  4 orc wizards
  An orc priest (D:5)
  Jessica (D:3)
  A bullfrog skeleton (D:5)
  6 iguanas
  4 worker ants
  A hound skeleton (D:6)
  11 gnolls
  9 adders
  2 white imps
  An ufetubus (D:7)
  An adder skeleton (D:4)
  4 worms
  2 dart slugs
  3 leopard geckos
  16 orcs
  2 ball pythons
  11 giant cockroaches
  7 goblins
  4 hobgoblins
  11 jackals
  2 quokkas
  11 bats
  4 frilled lizards
  13 kobolds
  A leopard gecko zombie (D:6)
  A quokka zombie (D:7)
  8 rats
161 creatures vanquished.

Notes
Turn   | Place    | Note
-------+----------+-------------------------------------------
     0 | D:1      | DearestLeader the Gnoll Fighter began the quest for the
                  | Orb.
     0 | D:1      | Reached XP level 1. HP: 23/23 MP: 1/1
   317 | D:1      | Reached XP level 2. HP: 29/29 MP: 2/2
   878 | D:1      | Reached XP level 3. HP: 35/35 MP: 3/3
  1186 | D:2      | Reached skill level 1 in Invocations
  1208 | D:2      | Reached skill level 1 in Short Blades
  1208 | D:2      | Reached skill level 1 in Long Blades
  1208 | D:2      | Reached skill level 1 in Axes
  1208 | D:2      | Reached skill level 1 in Maces & Flails
  1208 | D:2      | Reached skill level 1 in Staves
  1208 | D:2      | Reached skill level 1 in Slings
  1208 | D:2      | Reached skill level 1 in Bows
  1208 | D:2      | Reached skill level 1 in Crossbows
  1208 | D:2      | Reached skill level 1 in Throwing
  1208 | D:2      | Reached skill level 1 in Dodging
  1208 | D:2      | Reached skill level 1 in Stealth
  1208 | D:2      | Reached skill level 1 in Unarmed Combat
  1208 | D:2      | Reached skill level 1 in Spellcasting
  1208 | D:2      | Reached skill level 1 in Evocations
  1215 | D:2      | Reached XP level 4. HP: 29/41 MP: 5/5
  1544 | D:2      | Reached skill level 1 in Conjurations
  1544 | D:2      | Reached skill level 1 in Hexes
  1544 | D:2      | Reached skill level 1 in Summonings
  1544 | D:2      | Reached skill level 1 in Necromancy
  1544 | D:2      | Reached skill level 1 in Translocations
  1544 | D:2      | Reached skill level 1 in Transmutations
  1544 | D:2      | Reached skill level 1 in Fire Magic
  1544 | D:2      | Reached skill level 1 in Ice Magic
  1544 | D:2      | Reached skill level 1 in Air Magic
  1544 | D:2      | Reached skill level 1 in Earth Magic
  1544 | D:2      | Reached skill level 1 in Poison Magic
  2113 | D:3      | Reached XP level 5. HP: 22/47 MP: 6/6
  2287 | D:3      | Found a hide-covered altar of Uskayaw.
  2363 | D:3      | Found a glowing drain.
  2380 | Sewer    | Entered a sewer
  2437 | Sewer    | Noticed Purgy
  2467 | Sewer    | Killed Purgy
  2468 | Sewer    | Reached XP level 6. HP: 18/53 MP: 8/8
  2919 | D:3      | Found a blossoming altar of Fedhas.
  3136 | D:3      | Noticed Jessica
  3144 | D:3      | Killed Jessica
  3145 | D:3      | Reached skill level 5 in Polearms
  3626 | D:4      | Reached XP level 7. HP: 52/59 MP: 10/10
  3855 | D:4      | Found a staircase to the Ecumenical Temple.
  3902 | Temple   | Entered the Ecumenical Temple
  4121 | D:4      | Noticed Blork the orc
  4132 | D:4      | Killed Blork the orc
  4151 | D:4      | Found a sparkling altar of Nemelex Xobeh.
  4606 | D:4      | Reached XP level 8. HP: 64/67 MP: 12/12
  4789 | D:5      | Entered Level 5 of the Dungeon
  5349 | D:5      | Found Wuibask's Magic Scroll Emporium.
  5361 | D:5      | Found Bowazabb's Antique Armour Shop.
  5371 | D:5      | Bought a pair of glowing boots for 165 gold pieces
  5578 | D:5      | Found Duucix's Assorted Antiques.
  6017 | D:5      | Found Wagess's General Store.
  6112 | D:5      | Found Bimuit's Assorted Antiques.
  6287 | D:5      | Bought a silver ring for 90 gold pieces
  6287 | D:5      | Bought a scroll labelled ICURAGOCON for 18 gold pieces
  6605 | D:6      | Noticed Eustachio
  7001 | D:6      | Found a snail-covered altar of Cheibriados.
  7006 | D:6      | Became a worshipper of Cheibriados the Contemplative
  7450 | D:6      | Killed Eustachio
  7558 | D:6      | Found a burning altar of Makhleb.
  7684 | D:7      | HP: 3/67 [orc warrior/+0 morningstar (10)]
  7689 | D:7      | Reached XP level 9. HP: 6/73 MP: 14/14
  8266 | D:7      | Found a shadowy altar of Dithmenos.
  8683 | D:7      | Found a basalt altar of Yredelemnul.
  8738 | D:7      | Noticed Pikel
  8775 | D:7      | Killed Pikel
  8775 | D:7      | Reached * piety under Cheibriados
  9350 | D:7      | Noticed Harold
  9377 | D:7      | Slain by Harold

Illustrated notes

Levels and vault maps discovered:
D:1:      scummos_arrival_simple_crosswalls, layout_loops_corners,
          minmay_tromino_v2
D:2:      layout_rooms
D:3:      layout_basic, eat_drink_and_be_merry_uskayaw, fedhas_ov_isle_minmay,
          cheibrodos_sewer_entry_bend, minmay_misc_feat_tiny,
          grunt_ministairs_2, uniq_jessica
D:4:      layout_cave_pools, nicolae_overflow_crystal_walls,
          minmay_temple_entry_glass, uniq_blork_the_orc
D:5:      layout_loops_cross, serial_shops, shop, nicolae_shop_statue_plus,
          shop, shop, shop
D:6:      layout_gridville, kennysheep_mini_moat, kennysheep_slug_shrine,
          uniq_eustachio
D:7:      layout_basic, lemuel_coloured_pillars_altar, kennysheep_mini,
          serial_co_window_serial, co_window_paths_a, co_window_paths_a,
          co_window_paths_a, co_window_corner_a, co_window_corner_a,
          co_window_cross_2, co_window_broadway_c, co_window_corner_b,
          co_window_unsneaky_path_c, glass_columns_c, glass_columns_c,
          glass_columns_b, glass_columns_b, nicolae_dithmenos_the_darkroom,
          uniq_pikel, uniq_harold
Temple:   minmay_temple_bridge_abc

Skill      XL: |  1  2  3  4  5  6  7  8  9 |
---------------+----------------------------+-----
Invocations    | 1 2 3 4 |  4.8
Short Blades   | 1 2 3 4 |  4.3
Long Blades    | 1 2 3 4 |  4.3
Axes           | 1 2 3 4 |  4.3
Maces & Flails | 1 2 3 4 |  4.3
Staves         | 1 2 3 4 |  4.3
Slings         | 1 2 3 4 |  4.3
Bows           | 1 2 3 4 |  4.3
Crossbows      | 1 2 3 4 |  4.3
Throwing       | 1 2 3 4 |  4.3
Dodging        | 1 2 3 4 |  4.3
Stealth        | 1 2 3 4 |  4.3
Unarmed Combat | 1 2 3 4 |  4.3
Spellcasting   | 1 2 3 4 |  4.3
Evocations     | 1 2 3 4 |  4.3
Conjurations   | 1 2 3 |  3.6
Hexes          | 1 2 3 |  3.6
Summonings     | 1 2 3 |  3.6
Necromancy     | 1 2 3 |  3.6
Translocations | 1 2 3 |  3.6
Transmutations | 1 2 3 |  3.6
Fire Magic     | 1 2 3 |  3.6
Ice Magic      | 1 2 3 |  3.6
Air Magic      | 1 2 3 |  3.6
Earth Magic    | 1 2 3 |  3.6
Poison Magic   | 1 2 3 |  3.6
Polearms       | 5 6 |  6.4
Fighting       | 7 8 |  8.0
Armour         | 7 8 |  8.0
Shields        | 7 8 |  8.0

Action                   |  1- 3 |  4- 6 |  7- 9 || total
-------------------------+-------+-------+-------++-------
Melee: Trident           |    48 |       |       ||    48
       Bite              |    10 |    24 |    78 ||   112
       Whip              |    56 |   177 |   454 ||   687
 Fire: Hunting sling     |       |    23 |    68 ||    91
Throw: Dart              |       |       |     4 ||     4
  Use: Scroll            |     2 |     5 |     4 ||    11
       Potion            |       |     2 |     3 ||     5
 Stab: Sleeping          |       |       |     1 ||     1
Armor: Scale mail        |    58 |    87 |   132 ||   277
       Skin              |       |     5 |       ||     5
Dodge: Dodged            |    48 |    62 |   182 ||   292
Block: Kite shield       |    60 |   111 |   307 ||   478
